 Dungeon Crawl Stone Soup version 0.22.0 (webtiles) character file.

350 KnightedAnt the Skirmisher (level 6, -2/49 HPs)
             Began as a Formicid Abyssal Knight on Oct 30, 2018.
             Was an Elder of Lugonu.
             Slain by a hornet zombie (5 damage)
             ... on level 5 of the Dungeon.
             The game lasted 00:09:45 (5685 turns).

KnightedAnt the Skirmisher (FoAK)                   Turns: 5685, Time: 00:09:45

Health: -2/49      AC:  7    Str: 18    XL:     6   Next: 92%
Magic:  9/9        EV:  9    Int: 12    God:    Lugonu [****..]
Gold:   205        SH:  5    Dex: 10    Spells: 5/5 levels left

rFire    . . .     SeeInvis +   a - +2 mace
rCold    . . .     Gourm    +   d - +1 buckler
rNeg     . . .     Faith    .   C - +0 scale mail
rPois    .         Spirit   .   (helmet unavailable)
rElec    .         Reflect  .   (no cloak)
rCorr    .         Harm     .   (no gloves)
MR       .....                  (no boots)
Stlth    ..........             k - amulet of the gourmand
HPRegen  0.16/turn              (no ring)
MPRegen  0.11/turn              (no ring)

@: no status effects
A: permanent stasis, dig shafts and tunnels, four strong arms, antennae 3
a: Dig, Shaft Self, Depart the Abyss, Bend Space, Banish, Corrupt, Renounce
Religion


You were on level 5 of the Dungeon.
You worshipped Lugonu.
Lugonu was greatly pleased with you.
You were completely stuffed.

You visited 1 branch of the dungeon, and saw 5 of its levels.
You visited the Abyss 1 time.
You also visited: Sewer.

You collected 205 gold pieces.

Inventory:

Hand Weapons
 a - a +2 mace (weapon)
 b - a +0 arbalest
Missiles
 i - 144 stones (quivered)
 y - 56 bolts
Armour
 d - a +1 buckler (worn)
 C - a +0 scale mail (worn)
Jewellery
 k - an amulet of the gourmand (around neck)
Scrolls
 j - 2 scrolls of fear
 l - a scroll of enchant weapon
 p - a scroll of amnesia
 u - 3 scrolls of teleportation {unknown}
 A - a scroll of identify {unknown}
Potions
 e - 4 potions of brilliance {unknown}
 f - a potion of haste {unknown}
 g - 9 potions of might {unknown}
 h - a potion of mutation {unknown}
 s - 2 potions of invisibility {unknown}
 t - 3 potions of resistance {unknown}
 w - 4 potions of curing {unknown}
 z - a potion of heal wounds {unknown}
Comestibles
 c - 7 rations


   Skills:
 + Level 4.6 Fighting
 + Level 3.4 Maces & Flails
 + Level 3.8 Armour
 - Level 0.8 Dodging
 + Level 3.1 Shields
 + Level 4.0 Invocations


You had 5 spell levels left.
You didn't know any spells.
Your spell library was empty.

Dungeon Overview and Level Annotations

Branches:
Dungeon (5/15)             Temple (0/1) D:4

Altars:


Innate Abilities, Weirdness & Mutations

You cannot be hasted, slowed, berserked, paralysed or teleported.
You can dig through walls and to a lower floor.
Your four strong arms can wield two-handed weapons with a shield.
You have a pair of large antennae on your head. (SInv)


Message History

Your scale mail prevents you from hitting the hornet zombie.
The hornet zombie is severely damaged.
The hornet zombie hits you but does no damage.
You barely miss the hornet zombie.
The hornet zombie is severely damaged.
The hornet zombie hits you. You block the hornet zombie's attack.
You closely miss the hornet zombie.
The hornet zombie is severely damaged.
The hornet zombie hits you.
* * * LOW HITPOINT WARNING * * *
The hornet zombie closely misses you.
You hit the hornet zombie but do no damage.
The hornet zombie is severely damaged.
The hornet zombie hits you!
* * * LOW HITPOINT WARNING * * *
You hit the hornet zombie but do no damage.
The hornet zombie is severely damaged.
The hornet zombie barely misses you. x2
The hornet zombie hits you.
You die...

.......
#.....#
.)....#
#.....#
#####.?..#
#........#
#........#
#....@..(#
#[...Z...#
#........+
#..........#
##..$.$.(..#
#..###+####
##. #


You could see a hornet zombie.

Vanquished Creatures
  An orc wizard (D:4)
  An orc priest (D:4)
  A worker ant (D:4)
  A hound skeleton (D:4)
  5 adders
  5 river rats (Sewer)
  A dart slug (D:3)
  3 worms
  6 leopard geckos
  16 orcs
  16 bats
  13 giant cockroaches
  8 goblins
  4 hobgoblins
  10 jackals
  7 kobolds
  3 quokkas
  3 ball pythons
  15 frilled lizards
  22 rats
141 creatures vanquished.

Notes
Turn   | Place    | Note
-------+----------+-------------------------------------------
     0 | Abyss:1  | KnightedAnt the Formicid Abyssal Knight began the quest for the Orb.
     0 | Abyss:1  | Reached XP level 1. HP: 18/18 MP: 2/2
   109 | Abyss:1  | Noticed a quasit
   110 | D:1      | Escaped the Abyss
   139 | D:1      | Reached * piety under Lugonu
   182 | D:1      | Reached XP level 2. HP: 17/24 MP: 3/3
   413 | D:1      | Reached skill level 1 in Shields
   416 | D:1      | Reached XP level 3. HP: 2/29 MP: 4/4
  1211 | D:1      | Reached ** piety under Lugonu
  1349 | D:2      | Reached XP level 4. HP: 37/37 MP: 6/6
  2002 | D:2      | Reached XP level 5. HP: 39/42 MP: 7/7
  2288 | D:3      | Reached *** piety under Lugonu
  2468 | D:3      | Found a glowing drain.
  2525 | Sewer    | Entered a sewer
  3960 | D:3      | Reached XP level 6. HP: 48/48 MP: 8/8
  4884 | D:4      | Reached **** piety under Lugonu
  5169 | D:4      | Found a staircase to the Ecumenical Temple.
  5362 | D:5      | Entered Level 5 of the Dungeon
  5685 | D:5      | Slain by a hornet zombie

Skill      XL: |  1  2  3  4  5  6 |
---------------+-------------------+-----
Shields        | 1 2 3 |  3.1
Invocations    | 3 4 |  4.0
Armour         | 3 |  3.8
Fighting       | 4 |  4.6
Maces & Flails | 3 |  3.4
Dodging        | |  0.8

Action                   |  1- 3 |  4- 6 || total
-------------------------+-------+-------++-------
Melee: Mace              |   118 |   340 ||   458
Invok: Depart the Abyss  |     1 |       ||     1
 Abil: Dig               |     1 |     6 ||     7
  Use: Scroll            |       |     8 ||     8
  Eat: Chunk             |     2 |    30 ||    32
Armor: Leather armour    |    53 |    46 ||    99
       Scale mail        |       |    35 ||    35
Dodge: Dodged            |    77 |   201 ||   278
Block: Buckler           |    21 |    71 ||    92
